 Dungeon Crawl Stone Soup version 0.29-a0-823-gc37b1572da (webtiles) character file.

Game seed: 18330375574014121279

394 Shayle the Covert (level 6, 0/58 HPs)
             Began as a Naga Brigand on July 8, 2022.
             Slain by a gnoll
             ... wielding a +0 spear
              (3 damage)
             ... on level 5 of the Dungeon.
             The game lasted 00:12:06 (3953 turns).

Shayle the Covert (Naga Brigand)                    Turns: 3953, Time: 00:12:06

Health: 0/58       AC:  5    Str: 14    XL:     6   Next: 82%
Magic:  10/10      EV:  8    Int: 13    God:
Gold:   101        SH:  0    Dex: 12    Spells: 11/11 levels left

rFire   . . .      SeeInvis +   i - +1 short sword (drain)
rCold   . . .      Faith    .   (no shield)
rNeg    . . .      Spirit   .   s - +0 ring mail
rPois   +          Reflect  .   (no helmet)
rElec   .          Harm     .   c - +0 cloak
rCorr   .          Rampage  .   (no gloves)
Will    .....                   (no barding)
Stlth   +++.......              (no amulet)
HPRegen 0.19/turn               (no ring)
MPRegen 0.12/turn               (no ring)

@: very slow
A: AC +2, large, see invisible, deformed body, poison resistance, slowness 2,
spit poison 1, naga tail 1
a: Spit Poison


You were on level 5 of the Dungeon.
You visited 1 branch of the dungeon, and saw 5 of its levels.

You collected 101 gold pieces.

Inventory:

Hand Weapons
 a - a +2 dagger
 i - a +1 short sword of draining (weapon)
 w - the +7 short sword of Oroir {antimagic, rElec rF+}
   (You took it off an orc on level 3 of the Dungeon)

   It reduces the magical energy of the wielder, and disrupts the spells and
   magical abilities of those it strikes.
   Natural abilities and divine invocations are not affected.
   rF:        It protects you from fire.
   rElec:     It insulates you from electricity.
Missiles
 d - 4 poisoned darts (quivered)
 e - 3 curare-tipped darts
Armour
 b - a +0 robe
 c - a +0 cloak (worn)
 s - a +0 ring mail (worn)
Jewellery
 t - an amulet of the acrobat
Wands
 v - a wand of mindburst (9)
 y - a wand of flame (12)
Scrolls
 f - a scroll of noise {unknown}
 n - a scroll of vulnerability {unknown}
 q - a scroll of enchant armour {unknown}
 x - 2 scrolls of magic mapping {unknown}
Potions
 g - a potion of mutation {unknown}
 h - a potion of lignification
 l - 2 potions of flight
 m - 3 potions of haste
 p - a potion of attraction
 r - a potion of curing
 u - a potion of berserk rage


   Skills:
 + Level 4.3 Fighting
 - Level 2.0 Short Blades
 - Level 1.7 Throwing
 - Level 0.7 Dodging
 + Level 8.5 Stealth
 + Level 3.2 Spellcasting


You had 11 spell levels left.
You didn't know any spells.
Your spell library was empty.

Dungeon Overview and Level Annotations

Branches:
Dungeon (5/15)
 Temple: D:4-7

Altars:


Innate Abilities, Weirdness & Mutations

Your serpentine skin is tough. (AC +2)
You have supernaturally acute eyesight. (SInv)
Armour fits poorly on your strangely shaped body.
Your system is resistant to poisons. (rPois)
You cover ground very slowly.
You can spit poison.
You have a snake-like lower body.


Message History

The gnoll hits you from afar with a +0 spear.
You closely miss the gnoll.
The gnoll is heavily wounded.
The gnoll hits you but does no damage. x2
You barely miss the gnoll.
The gnoll is heavily wounded.
The gnoll barely misses you.
The gnoll hits you from afar with a +0 spear.
You hit the gnoll.
The gnoll is severely wounded.
You have got your breath back.
The gnoll hits you with a +0 flail.
The gnoll hits you from afar with a +0 spear.
You hit the gnoll. You drain the gnoll.
You kill the gnoll!
The gnoll hits you from afar with a +0 spear.
The gnoll hits you with a +0 spear!
* * * LOW HITPOINT WARNING * * *
Things that are here:
a +0 flail; a +0 halberd; a gnoll corpse You barely miss the gnoll.
The gnoll barely misses you.
You hit the gnoll.
The gnoll is lightly wounded.
The gnoll hits you with a +0 spear!
* * * LOW HITPOINT WARNING * * *
Aiming: Spit Poison (1% risk of failure)
Press: ? - help, Shift-Dir - straight line, f - gnoll
Aim: a gnoll, wielding a +0 spear (lightly wounded, 65% to hit)
The splash of poison hits the gnoll but does no damage.
The gnoll is lightly wounded.
The gnoll closely misses you.
You hit the gnoll. You drain the gnoll.
The gnoll is severely wounded.
The gnoll hits you with a +0 spear.
* * * LOW HITPOINT WARNING * * *
You hit the gnoll but do no damage. You drain the gnoll.
The gnoll is severely wounded.
You have got your breath back.
The gnoll hits you with a +0 spear.
You die...

##########
#<....@g.#
.########.#
......g.).#
g..((g#####
#<... ...$
g.. ##


You could see a gnoll (very drained).

Vanquished Creatures
  A howler monkey (D:3)
  2 hounds (D:3)
  A gnoll bouda (D:4)
  2 orc wizards
  Ijyb (D:3)
  4 gnolls
  6 adders
  A shadow imp (D:5)
  3 worms
  2 dart slugs (D:1)
  8 orcs
  3 bats (D:1)
  4 endoplasms
  3 giant cockroaches
  A goblin (D:1)
  6 hobgoblins
  5 jackals
  5 quokkas
  9 ball pythons
  4 frilled lizards
  2 kobolds
  7 rats
80 creatures vanquished.

Notes
Turn   | Place    | Note
-------+----------+-------------------------------------------
     0 | D:1      | Shayle the Naga Brigand began the quest for the Orb.
     0 | D:1      | Reached XP level 1. HP: 19/19 MP: 1/1
   141 | D:1      | Reached skill level 6 in Stealth
   246 | D:1      | Reached XP level 2. HP: 5/26 MP: 2/2
   660 | D:1      | Reached skill level 1 in Spellcasting
   697 | D:1      | Reached XP level 3. HP: 29/33 MP: 4/4
  1202 | D:2      | Reached XP level 4. HP: 40/40 MP: 6/6
  1793 | D:2      | Reached skill level 7 in Stealth
  2048 | D:3      | Noticed Ijyb
  2067 | D:3      | Killed Ijyb
  2068 | D:3      | Reached XP level 5. HP: 12/49 MP: 6/8
  2493 | D:3      | Identified the +7 short sword of Oroir {antimagic, rElec
                  | rF+}
  2644 | D:3      | Found a faded altar of an unknown god.
  3083 | D:3      | Reached XP level 6. HP: 28/57 MP: 8/10
  3289 | D:3      | Reached skill level 8 in Stealth
  3601 | D:4      | HP: 1/57 [gnoll/+0 spear[a gnoll bouda] (2)]
  3605 | D:5      | Entered Level 5 of the Dungeon
  3953 | D:5      | Slain by a gnoll

Illustrated notes

Levels and vault maps discovered:
D:1:      zelgadis_glass_arrival_small, layout_loops_ring
D:2:      layout_loops_ring, minmay_snake_closets
D:3:      layout_basic, dilly_ecumenical_altar_fadedgnrine, uniq_ijyb
D:4:      layout_basic, trog_butcher_becter
D:5:      layout_basic, uniq_sigmund

Skill      XL: |  1  2  3  4  5  6 |
---------------+-------------------+-----
Stealth        | 6 7 8 |  8.5
Spellcasting   | 1 2 3 |  3.2
Fighting       | 3 4 |  4.3
Short Blades   | |  2.0
Throwing       | |  1.7
Dodging        | |  0.7

Action                   |  1- 3 |  4- 6 || total
-------------------------+-------+-------++-------
Melee: Dagger            |    13 |       ||    13
       Short sword       |    40 |   142 ||   182
       Punch             |     1 |       ||     1
Throw: Dart              |    14 |    17 ||    31
 Abil: Spit Poison       |     5 |    17 ||    22
Evoke: Wand              |       |     5 ||     5
  Use: Potion            |       |     5 ||     5
       Scroll            |       |     9 ||     9
 Stab: Sleeping          |     7 |     8 ||    15
Armor: Robe              |     6 |    16 ||    22
       Ring mail         |       |    48 ||    48
Dodge: Dodged            |    26 |    85 ||   111

Table legend: (Time is in decaauts)
 A = Elapsed time spent in this place.
 B = Non-inter-level travel time spent in this place.
 C = Inter-level travel time spent in this place.
 D = Time resting spent in this place.
 E = Time spent auto-exploring this place.
 F = Levels seen in this place.
 G = Mean time per level.
                   A        B        C        D        E       F      G
               +--------+--------+--------+--------+--------+-----+--------+
         Total |   4838 |   4633 |    205 |   1227 |   2294 |   5 |  967.6 |
       Dungeon |   4838 |   4633 |    205 |   1227 |   2294 |   5 |  967.6 |
               +--------+--------+--------+--------+--------+-----+--------+

Top non-repeatable levels by time:
     D:3: 1769 daAuts
     D:1: 1320 daAuts
     D:2: 1086 daAuts
     D:5: 360 daAuts
     D:4: 302 daAuts
